 Dungeon Crawl Stone Soup version 0.29.1-15-g9cfb28693d (webtiles) character file.

Game seed: 17011097617706170570

97536 protoss039 the Fighter (level 15, -17/122 HPs)
             Began as a Demonspawn Earth Elementalist on Mar 13, 2023.
             Was a High Priest of Vehumet.
             Demolished by a six-headed hydra (18 damage)
             ... on level 3 of the Lair of Beasts.
             The game lasted 01:27:21 (34596 turns).

protoss039 the Fighter (DsEE)                      Turns: 34596, Time: 01:27:22

Health: -17/122    AC:  0    Str: 16    XL:     15   Next: 72%
Magic:  17/28      EV: 13    Int: 23    God:    Vehumet [*****.]
Gold:   1083       SH: 12    Dex: 21    Spells: 0/33 levels left

rFire   + . .      SeeInvis +   S - +8 arc blade {discharge, rElec}
rCold   . . .      Faith    .   j - +0 buckler
rNeg    . . .      Spirit   .   N - +5 steam dragon scales
rPois   .          Reflect  +   z - +1 hat of Fuuthiph {rF+}
rElec   +          Harm     .   s - +2 cloak of the Thief {*Fog Slay-2 SInv Stlth+}
rCorr   .          Rampage  .   (gloves unavailable)
Will    +....                   w - +2 pair of boots {Stlth+}
Stlth   ++++++++..              c - amulet of reflection
HPRegen 0.30/turn               t - ring of wizardry
MPRegen 0.21/turn               M - ring of Nucsihun {*Corrode Fly Str+8}

@: corroded, flying, slowed, very slow
A: claws 3, thin skeletal structure 3, powered by death 1, demonic magic 2
a: Renounce Religion


You were on level 3 of the Lair of Beasts.
You worshipped Vehumet.
Vehumet was extremely pleased with you.
You visited 5 branches of the dungeon, and saw 23 of its levels.
You also visited: Ossuary and Volcano.

You collected 2129 gold pieces.
You spent 1046 gold pieces at shops.

Inventory:

Hand Weapons
 l - a +2 short sword of electrocution
 v - a +5 spear of venom
 S - the +8 arc blade (weapon) {discharge, rElec}
   (You found it on level 3 of the Lair of Beasts)

   It occasionally unleashes powerful arcs of lightning upon striking a foe.
   These may arc to other adjacent creatures (including the wielder, but dealing
   reduced damage to them) before grounding out.
   rElec:     It insulates you from electricity.
Missiles
 n - 5 throwing nets
Armour
 i - a +0 leather armour of willpower
 j - a +0 buckler (worn)
 s - the +2 cloak of the Thief (worn) {*Fog Slay-2 SInv Stlth+}
   (You found it in a volcano)

   It may release a thick cloud of smoke when the wearer is hurt.
   Slay:      It affects your accuracy & damage with ranged weapons and melee
   (-2).
   SInv:      It lets you see invisible.
   Stlth:     It makes you more stealthy.
 w - a +2 pair of boots of stealth (worn)
 z - the +1 hat of Fuuthiph (worn) {rF+}
   (You bought it in a shop on level 2 of the Orcish Mines)

   rF:        It protects you from fire.
 N - +5 steam dragon scales (worn)
Jewellery
 c - an amulet of reflection (around neck)
 p - a ring of protection from cold
 t - a ring of wizardry (left claw)
 G - a ring of willpower
 I - a ring of positive energy
 M - the ring of Nucsihun (right claw) {*Corrode Fly Str+8}
   (You found it on level 5 of the Lair of Beasts)

   [ring of flight]

   Str:       It affects your strength (+8).
   Fly:       It grants you flight.
   *Corrode:  It may corrode you when you take damage.
 O - a ring of fire
Wands
 C - a wand of roots (10)
 F - a wand of paralysis (21)
 J - a wand of flame (16)
 R - a wand of digging (8)
 T - a wand of polymorph (9)
Scrolls
 d - 4 scrolls of teleportation
 e - 2 scrolls of poison
 k - 4 scrolls of immolation
 o - 5 scrolls of butterflies
 q - 3 scrolls of magic mapping
 r - 3 scrolls of fear
 u - a scroll of summoning
 x - a scroll of identify
 y - 3 scrolls of torment
 P - 2 scrolls of amnesia
Potions
 a - 5 potions of heal wounds
 b - a potion of magic
 f - 5 potions of mutation
 g - 8 potions of curing
 h - 2 potions of ambrosia {unknown}
 A - 6 potions of might
 B - 6 potions of lignification
 D - 3 potions of cancellation
 H - 2 potions of invisibility {unknown}
 K - 6 potions of brilliance
 Q - 4 potions of haste
 U - 3 potions of flight
Miscellaneous
 E - a phantom mirror


   Skills:
 * Level 12.5 Fighting
 + Level 9.5 Armour
 - Level 3.0 Dodging
 - Level 3.0 Stealth
 + Level 9.5 Shields
 + Level 9.9 Spellcasting
 + Level 10.2 Conjurations
 - Level 9.0 Necromancy
 - Level 3.0 Transmutations
 + Level 5.2 Fire Magic
 - Level 3.0 Ice Magic
 - Level 3.0 Air Magic
 + Level 10.1 Earth Magic
 - Level 3.0 Poison Magic


You couldn't memorise any spells.
You knew the following spells:

 Your Spells              Type           Power      Damage    Failure   Level
a - Sandblast             Erth           100%       2d20      1%          1
b - Passwall              Tmut/Erth      34%        N/A       1%          2
c - Stone Arrow           Conj/Erth      100%       3d13      1%          3
d - Wereblood             Tmut           25%        N/A       1%          2
e - Starburst             Conj/Fire      23%        6d8       5%          6
g - Mephitic Cloud        Conj/Pois/Air  36%        N/A       1%          3
h - Freezing Cloud        Conj/Ice/Air   18%        6-21      2%          5
i - Borgnjor's Vile Clut  Necr/Erth      26%        N/A       1%          5
j - Iron Shot             Conj/Erth      27%        9d6       1%          6

Your spell library contained the following spells:

 Spells                   Type           Power      Damage    Failure   Level
 Beastly Appendage        Tmut           50%        N/A       1%          1
 Foxfire                  Conj/Fire      100%       2x1d9     1%          1
 Searing Ray              Conj           100%       2d8       1%          2
 Conjure Flame            Conj/Fire      46%        6-21      1%          3
 Dazzling Flash           Conj/Hex       68%        N/A       1%          3
 Ignite Poison            Fire/Tmut/Pois 28%        N/A       1%          3
 Inner Flame              Hex/Fire       23%        N/A       1%          3
 Vampiric Draining        Necr           51%        2d9       1%          3
 Animate Dead             Necr           51%        N/A       1%          4
 Petrify                  Tmut/Erth      41%        N/A       1%          4
 Sticky Flame             Conj/Fire      46%        2d6       1%          4
 Fireball                 Conj/Fire      23%        3d11      1%          5
 Irradiate                Conj/Tmut      20%        3d18      1%          5
 Lee's Rapid Deconstruct  Erth           27%        3d16*     1%          5
 Apportation              Tloc           22%        N/A       2%          1
 Slow                     Hex            44%        N/A       2%          1
 Summon Small Mammal      Summ           44%        N/A       2%          1
 Ensorcelled Hibernation  Hex/Ice        36%        N/A       2%          2
 Spider Form              Tmut/Pois      25%        N/A       2%          3
 Leda's Liquefaction      Hex/Erth       17%        N/A       3%          4
 Anguish                  Hex/Necr       16%        N/A       4%          4
 Call Canine Familiar     Summ           11%        N/A       9%          3
 Confusing Touch          Hex            11%        N/A       9%          3
 Gell's Gravitas          Tloc           11%        N/A       9%          3
 Lesser Beckoning         Tloc           11%        N/A       9%          3
 Summon Guardian Golem    Hex/Summ       11%        N/A       9%          3
 Teleport Other           Tloc           11%        N/A       9%          3
 Orb of Destruction       Conj           27%        9d9       10%         7
 Death Channel            Necr           25%        N/A       11%         6
 Alistair's Intoxication  Tmut/Pois      16%        N/A       22%         5
 Ignition                 Fire           17%        3d7       98%         8
 Enfeeble                 Hex            5%         N/A       100%        7


Dungeon Overview and Level Annotations

Branches:
Dungeon (14/15) Zot: 25940  Temple (1/1) D:7 Zot: 5982    Lair (5/5) D:8 Zot: 19763
  Swamp (1/4) Lair:3 Zot: 5983  Spider (0/4) Lair:2        Slime (0/5) Lair:5
    Orc (2/2) D:11 Zot: 10402     Elf (0/3) Orc:2       Ossuary (visited)
Volcano (visited)
 Vaults: D:13-14

Altars:
Ashenzari
Cheibriados
Dithmenos
Fedhas
Gozag
Hepliaklqana
Kikubaaqudgha
Makhleb
Nemelex Xobeh
Okawaru
Qazlal
Ru
Sif Muna
Trog
Uskayaw
Vehumet
Wu Jian
Xom
Yredelemnul
Jiyva

Shops:
D:1 [   D:2 *   D:4 (   D:7 =   D:12 ?*   Orc:2 [((

Annotations:
Lair:5 1 transporter, emiel's ghost, journeyman OgEE


Innate Abilities, Weirdness & Mutations

You have claws for hands.
You have an unnaturally thin skeletal structure. (Dex +6, Stealth+++)
You regenerate a little health from kills.
Spells you cast may paralyse nearby enemies.


Message History

Unknown command.
Unknown command.
Unknown command.
The zombie hands release their grip on the goliath frog.
The goliath frog barely misses you. You block the spriggan rider's attack.
The six-headed hydra bites you but does no damage.
The six-headed hydra closely misses you. x2
You block the six-headed hydra's attack. x2
The six-headed hydra bites you. The goliath frog hits you from afar!
The acid corrodes you!
You are splashed with acid!
The four-headed hydra misses you. The four-headed hydra bites you.
The four-headed hydra closely misses you.
The four-headed hydra bites you.
You fly upwards.
Welcome back to the Lair of Beasts!
There is a staircase to the Swamp, spattered with blood here.
Okay, then.
The six-headed hydra bites you.
Your corrosive artefact corrodes you!
You block the six-headed hydra's attack.
The six-headed hydra bites you.
You block the six-headed hydra's attack.
The six-headed hydra bites you!
You block the six-headed hydra's attack.
The six-headed hydra completely misses you.
The six-headed hydra bites you!
* * * LOW HITPOINT WARNING * * *
The six-headed hydra bites you!
* * * LOW HITPOINT WARNING * * *
Your corrosive artefact corrodes you!
The six-headed hydra bites you!
* * * LOW HITPOINT WARNING * * *
The six-headed hydra bites you!
* * * LOW HITPOINT WARNING * * *
The six-headed hydra barely misses you.
Unknown command.
Unknown command.
As you read the scroll of fear, it crumbles to dust.
You assume a fearsome visage.
The six-headed hydra resists with almost no effort.
You block the six-headed hydra's attack.
The six-headed hydra bites you!!
You die...

#.#.......#.......P....
#......#...............
###..#..##...........<...
#P..........##..#...#....
##.......................
#....♣♣.♣#........###.PP
♣♣.♣.♣♣♣♣♣##.♣....# ####
♣♣♣♣♣♣♣♣>♣ ♣♣♣♣...#
♣.§♣§§♣D@♣♣♣♣♣.♣...#
♣♣.§§§..~~♣♣.♣≈.....##
♣..§§§..~♣♣..~~......#
♣..♣≈≈≈.♣♣...≈~~♣...##
♣.§♣~~≈♣♣♣..≈~~~♣...#
♣♣§§§§~♣♣♣.♣~~≈~♣...######
♣§§§§~♣§§§♣≈≈~~♣...##...#
♣♣§§§..§§§♣≈~≈≈♣.........
♣♣♣~.§♣♣♣♣♣≈≈≈♣.........


You could see a six-headed hydra.

Vanquished Creatures
  2 orc warlords
  Snorg (Orc:2)
  Josephine (Orc:1)
  Erolcha (Orc:1)
  A boulder beetle (Lair:2)
  11 hydras
  2 centaur warriors
  3 catoblepae (Lair:5)
  2 alligators (Lair:3)
  5 two-headed ogres
  3 orc high priests (Orc:2)
  17 death yaks
  Sonja (Lair:1)
  4 sun demons (Volcano)
  4 skeletal warriors (D:13)
  A goliath frog (Swamp:1)
  A bog body (Swamp:1)
  4 lindwurms
  5 orc knights
  A deep elf pyromancer (D:13)
  3 cyclopes
  2 ugly things (D:13)
  5 orc sorcerers (Orc:2)
  An oklob plant (Lair:3)
  The ghost of Discosetron the Skirmisher, a novice FoHu of Fedhas (D:6)
  6 manticores
  9 elephants
  Joseph (D:7)
  2 molten gargoyles (Lair:4)
  A torpor snail (Lair:2)
  An eye of devastation (Lair:5)
  Maurice (Orc:2)
  5 cane toads
  6 black mambas
  5 gargoyles
  2 smoke demons (Volcano)
  Psyche (D:10)
  Maggie (D:7)
  4 rime drakes
  An unseen horror (D:11)
  A kobold demonologist (D:12)
  11 komodo dragons
  5 trolls
  6 polar bears
  2 meliai
  2 hornets
  8 blink frogs
  2 tyrant leeches (Lair:3)
  The ghost of MrClown the Grave Robber, an amateur DsNe (D:5)
  8 dream sheep
  6 slime creatures
  4 wraiths
  5 wyverns
  A spriggan (Lair:5)
  Sigmund (D:6)
  3 shadows
  2 basilisks (Lair:2)
  54 yaks
  Grum (D:8)
  9 steam dragons
  11 vampire mosquitoes
  A swamp worm (Lair:3)
  5 wargs
  5 acid dragons
  11 water moccasins
  3 hell hounds (Volcano)
  A floating eye (Lair:5)
  21 orc warriors
  7 sky beasts
  2 ice beasts (D:7)
  4 black bears
  7 ogres
  8 centaurs
  20 wolves
  4 boggarts (Lair:5)
  The ghost of diceflayer the Shooter, an amateur DsHu (D:4)
  A phantom (D:5)
  7 kobold brigands
  A necrophage (D:7)
  10 bullfrogs
  8 gnoll sergeants
  9 scorpions
  A wyvern zombie (D:5)
  A water moccasin zombie (D:5)
  7 wights (D:10)
  11 killer bees
  5 lava snakes (Lair:4)
  5 crimson imps (D:12)
  3 hounds
  3 centaur zombies (Ossuary)
  3 human zombies (Ossuary)
  4 jellies (D:7)
  A bullfrog skeleton (D:5)
  18 orc priests
  A centaur skeleton (D:5)
  5 iguanas
  16 orc wizards
  4 scorpion zombies (Ossuary)
  A hound zombie (D:5)
  3 mummies (Ossuary)
  A howler monkey zombie (D:5)
  17 gnolls
  15 adders
  2 shadow imps (D:12)
  4 white imps
  An ufetubus (D:7)
  2 adder zombies (D:5)
  3 worms
  A dart slug (D:4)
  60 orcs
  5 ball pythons
  9 endoplasms
  6 giant cockroaches
  A gnoll zombie (Ossuary)
  9 goblins
  6 hobgoblins
  10 kobolds
  A quokka (D:3)
  6 bats
  3 frilled lizards
  3 goblin zombies (Ossuary)
  3 hobgoblin zombies (Ossuary)
  4 kobold zombies (Ossuary)
  3 rats
  A bush (Lair:3)
675 creatures vanquished.

Vanquished Creatures (collateral kills)
  A fire dragon (Volcano)
1 creature vanquished.

Vanquished Creatures (others)
  36 fungi
  43 plants
  9 withered plants (D:5)
88 creatures vanquished.

Grand Total: 764 creatures vanquished

Notes
Turn   | Place    | Note
-------+----------+-------------------------------------------
     0 | D:1      | protoss039 the Demonspawn Earth Elementalist began the
                  | quest for the Orb.
     0 | D:1      | Reached XP level 1. HP: 13/13 MP: 3/3
   121 | D:1      | Found a faded altar of an unknown god.
   129 | D:1      | Got Plato's Omnibus of the Arsonist
   158 | D:1      | Gained mutation: Spells you cast may paralyse adjacent
                  | enemies. [demonic ancestry]
   158 | D:1      | Reached XP level 2. HP: 17/20 MP: 1/5
   487 | D:1      | Reached skill level 1 in Fighting
   686 | D:1      | Reached skill level 1 in Armour
   901 | D:1      | Reached XP level 3. HP: 18/26 MP: 4/6
  1070 | D:1      | Found Juihuira's Antique Armour Boutique.
  1228 | D:2      | Learned a level 2 spell: Passwall
  1379 | D:2      | Gained mutation: You regenerate a little health from kills.
                  | [demonic ancestry]
  1379 | D:2      | Reached XP level 4. HP: 31/32 MP: 3/7
  1696 | D:2      | Reached skill level 1 in Shields
  2207 | D:2      | Found Usefog's General Store.
  2220 | D:2      | Bought a scroll of fear for 44 gold pieces
  2220 | D:2      | Bought a scroll of identify for 22 gold pieces
  2500 | D:2      | Gained mutation: You have sharp fingernails. [demonic
                  | ancestry]
  2500 | D:2      | Reached XP level 5. HP: 38/38 MP: 5/9
  2726 | D:3      | Reached skill level 1 in Transmutations
  3369 | D:3      | Learned a level 3 spell: Stone Arrow
  3565 | D:4      | Reached skill level 2 in Fighting
  3696 | D:4      | Gained mutation: You have very sharp fingernails. [demonic
                  | ancestry]
  3696 | D:4      | Reached XP level 6. HP: 32/44 MP: 0/10
  3832 | D:4      | Found Zequ's Weapon Shop.
  4218 | D:4      | Found a runed translucent door.
  4229 | D:4      | Noticed diceflayer's ghost (amateur DsHu)
  4476 | D:4      | You fall into a shaft and drop 2 floors!
  4476 | D:6      | Found a shimmering altar of Xom.
  4534 | D:6      | Found a sand-covered staircase.
  4539 | Ossuary  | Entered an ossuary
  4635 | Ossuary  | Reached skill level 1 in Conjurations
  4669 | Ossuary  | Gained mutation: You have a somewhat thin skeletal
                  | structure. (Dex +2, Stealth+) [demonic ancestry]
  4669 | Ossuary  | Reached XP level 7. HP: 43/51 MP: 0/11
  4839 | Ossuary  | Reached skill level 3 in Fighting
  5068 | Ossuary  | Gained mutation: You have claws for hands. [demonic
                  | ancestry]
  5068 | Ossuary  | Reached XP level 8. HP: 46/59 MP: 9/12
  5262 | D:5      | Entered Level 5 of the Dungeon
  5630 | D:5      | Reached skill level 4 in Fighting
  6254 | D:5      | Found a blossoming altar of Fedhas.
  6346 | D:5      | Found a snail-covered altar of Cheibriados.
  6415 | D:5      | Found a runed translucent gate.
  6415 | D:5      | Found a runed translucent gate.
  6415 | D:5      | Found a runed translucent gate.
  6415 | D:5      | Noticed MrClown's ghost (amateur DsNe)
  6701 | D:6      | Found an opulent altar of Gozag.
  6765 | D:6      | Noticed Sigmund
  6770 | D:6      | Killed Sigmund
  7039 | D:6      | Found a runed translucent gate.
  7039 | D:6      | Noticed Discosetron's ghost (novice FoHu)
  7040 | D:6      | Found a runed translucent gate.
  7041 | D:6      | Found a runed translucent gate.
  7043 | D:6      | Identified the +0 chain mail of the Lion {rF+ Will- Int+4}
  7127 | D:6      | Reached XP level 9. HP: 67/67 MP: 9/14
  7133 | D:6      | Reached skill level 5 in Fighting
  7446 | D:7      | Found a staircase to the Ecumenical Temple.
  7462 | D:7      | Reached skill level 5 in Armour
  7603 | Temple   | Entered the Ecumenical Temple
  7654 | D:7      | Found an iron altar of Okawaru.
  7654 | D:7      | Noticed Maggie
  7911 | D:7      | Killed Maggie
  7912 | D:7      | Reached skill level 5 in Shields
  8127 | D:7      | Found Mujyoh's Jewellery Shop.
  8527 | D:7      | Reached skill level 6 in Fighting
  8527 | D:7      | Reached skill level 5 in Earth Magic
  8861 | D:7      | Noticed a six-headed hydra
  9007 | D:7      | Gained mutation: Spells you cast may paralyse nearby
                  | enemies. [demonic ancestry]
  9007 | D:7      | Reached XP level 10. HP: 77/77 MP: 6/17
  9187 | D:7      | Noticed Joseph
  9197 | D:7      | Killed Joseph
  9467 | D:7      | Noticed a cyclops
  9471 | D:7      | Killed a cyclops
  9472 | D:7      | Reached skill level 5 in Spellcasting
  9486 | D:7      | Reached skill level 7 in Fighting
  9556 | D:7      | Killed a six-headed hydra
  9993 | D:8      | Noticed Grum
  9996 | D:8      | Reached skill level 5 in Conjurations
  9998 | D:8      | Killed Grum
 10169 | D:8      | Reached skill level 8 in Fighting
 10782 | D:8      | Found a staircase to the Lair.
 10794 | D:8      | Gained mutation: You have a moderately thin skeletal
                  | structure. (Dex +4, Stealth++) [demonic ancestry]
 10794 | D:8      | Reached XP level 11. HP: 76/87 MP: 0/20
 11534 | D:9      | Found a radiant altar of Vehumet.
 11540 | D:9      | Found a shimmering blue altar of Sif Muna.
 11543 | D:9      | Found a hide-covered altar of Uskayaw.
 11549 | D:9      | Became a worshipper of Vehumet
 11738 | D:9      | Noticed a two-headed ogre
 11746 | D:9      | Killed a two-headed ogre
 12037 | D:10     | Entered Level 10 of the Dungeon
 12282 | D:10     | Noticed a two-headed ogre
 12289 | D:10     | Killed a two-headed ogre
 12519 | D:10     | Reached skill level 9 in Fighting
 13158 | D:10     | Noticed Psyche
 13163 | D:10     | Killed Psyche
 14090 | D:11     | Got the Tome of Interference
 14096 | D:11     | Noticed a two-headed ogre
 14106 | D:11     | Killed a two-headed ogre
 14576 | D:11     | Found a staircase to the Orcish Mines.
 14588 | D:11     | Learned a level 5 spell: Borgnjor's Vile Clutch
 14839 | D:11     | Noticed a two-headed ogre
 14906 | D:11     | Reached skill level 1 in Necromancy
 15155 | D:11     | Gained mutation: You have an unnaturally thin skeletal
                  | structure. (Dex +6, Stealth+++) [demonic ancestry]
 15155 | D:11     | Reached XP level 12. HP: 96/96 MP: 14/22
 15171 | D:11     | Reached * piety under Vehumet
 15171 | D:11     | Offered knowledge of Freeze by Vehumet.
 17434 | D:12     | Noticed a two-headed ogre
 17628 | D:12     | Killed a two-headed ogre
 18074 | D:12     | Offered knowledge of Shock by Vehumet.
 18075 | D:12     | Reached ** piety under Vehumet
 18220 | D:12     | Found Uguihuts's Magic Scroll Boutique.
 18221 | D:12     | Noticed a six-headed hydra
 18225 | D:12     | Killed a six-headed hydra
 18226 | D:12     | Reached skill level 10 in Fighting
 18250 | D:12     | Reached skill level 5 in Necromancy
 18430 | D:12     | Bought a scroll of teleportation for 54 gold pieces
 18430 | D:12     | Bought a scroll of identify for 36 gold pieces
 18430 | D:12     | Bought a scroll of teleportation for 54 gold pieces
 18430 | D:12     | Bought a scroll of enchant weapon for 135 gold pieces
 18470 | D:12     | Found Jewoteix's Changing Room.
 18587 | D:12     | Bought a potion of lignification for 45 gold pieces
 18587 | D:12     | Bought a potion of mutation for 120 gold pieces
 18708 | D:13     | Noticed a centaur warrior
 18720 | D:13     | Killed a centaur warrior
 19738 | D:13     | Reached XP level 13. HP: 103/103 MP: 6/24
 20881 | Lair:1   | Entered Level 1 of the Lair of Beasts
 21519 | Lair:1   | Noticed Sonja
 21524 | Lair:1   | Killed Sonja
 22569 | Lair:2   | Found a hole to the Spider Nest.
 22583 | Lair:2   | Offered knowledge of Scorch by Vehumet.
 23148 | Lair:3   | Reached *** piety under Vehumet
 24022 | Lair:2   | Offered knowledge of Flame Wave by Vehumet.
 24598 | Lair:3   | Reached **** piety under Vehumet
 24746 | Lair:3   | Reached skill level 11 in Fighting
 24746 | Lair:3   | Reached XP level 14. HP: 52/113 MP: 4/26
 25536 | Lair:3   | Found the +8 arc blade {discharge, rElec}
 26270 | Lair:3   | Found a staircase to the Swamp.
 26330 | Lair:3   | Learned a level 6 spell: Starburst
 26364 | Lair:4   | Offered knowledge of Lee's Rapid Deconstruction by Vehumet.
 26987 | Lair:4   | Reached skill level 1 in Fire Magic
 28197 | Lair:4   | Learned a level 2 spell: Wereblood
 28203 | Lair:4   | Learned a level 5 spell: Lee's Rapid Deconstruction
 28221 | Lair:4   | Identified a scroll of acquirement
 28222 | Lair:4   | Acquired the Collected Works on Excruciating Hexes
 28271 | Lair:5   | Entered Level 5 of the Lair of Beasts
 28291 | Lair:4   | Reached ***** piety under Vehumet
 28505 | Lair:5   | Found a transporter.
 28505 | Lair:5   | Found a transporter.
 28546 | Lair:5   | Learned a level 3 spell: Mephitic Cloud
 28554 | Lair:5   | Found a bloodstained altar of Trog.
 28559 | Lair:5   | Found a dark tunnel.
 28607 | Volcano  | Entered a volcano
 28620 | Volcano  | Offered knowledge of Spellforged Servitor by Vehumet.
 28760 | Volcano  | Learned a level 5 spell: Freezing Cloud
 29583 | Volcano  | Found the +2 cloak of the Thief {*Fog Slay-2 SInv Stlth+}
 29731 | Lair:5   | Reached skill level 1 in Ice Magic
 29795 | Lair:5   | Reached skill level 1 in Air Magic
 29802 | Lair:5   | Reached skill level 1 in Poison Magic
 29820 | Lair:5   | Found a staircase to the Slime Pits.
 29820 | Lair:5   | Found a viscous altar of Jiyva.
 30523 | Lair:5   | Noticed emiel's ghost (journeyman OgEE)
 30684 | Lair:5   | Reached XP level 15. HP: 65/120 MP: 12/28
 30930 | Lair:5   | Offered knowledge of Iron Shot by Vehumet.
 31064 | Lair:5   | Identified the ring of Nucsihun {*Corrode Fly Str+8}
 31383 | Lair:5   | Learned a level 6 spell: Iron Shot
 31672 | Orc:1    | Entered Level 1 of the Orcish Mines
 31672 | Orc:1    | You fall into a shaft and drop 1 floor!
 31672 | Orc:2    | Entered Level 2 of the Orcish Mines
 31770 | Orc:1    | Noticed an orc warlord
 31787 | Orc:1    | Killed an orc warlord
 31788 | Orc:1    | Reached skill level 12 in Fighting
 32113 | Orc:2    | Noticed Snorg
 32115 | Orc:2    | Noticed an orc warlord
 32117 | Orc:2    | Found a staircase to the Elven Halls.
 32124 | Orc:2    | Killed Snorg
 32129 | Orc:2    | Killed an orc warlord
 32576 | Orc:1    | Noticed Erolcha
 32577 | Orc:1    | Noticed Josephine
 32583 | Orc:1    | Killed Erolcha
 32584 | Orc:1    | Reached skill level 10 in Conjurations
 32590 | Orc:1    | Killed Josephine
 32767 | Orc:2    | Noticed Maurice
 32773 | Orc:2    | Killed Maurice
 32912 | Orc:2    | Found Hyhet's Antique Weapon Emporium.
 32924 | Orc:2    | Reached skill level 10 in Earth Magic
 32947 | Orc:2    | Reached skill level 5 in Fire Magic
 33069 | Orc:2    | Found Saxzeck's Distillery.
 33075 | Orc:2    | Bought a potion of haste for 130 gold pieces
 33075 | Orc:2    | Bought a potion of might for 52 gold pieces
 33075 | Orc:2    | Bought a potion of heal wounds for 65 gold pieces
 33075 | Orc:2    | Bought a potion of brilliance for 52 gold pieces
 33087 | Orc:2    | Found Vetzikk's Antique Armour Shop.
 33089 | Orc:2    | Found Tigalyor's Weapon Emporium.
 33095 | Orc:2    | Bought a smoking hat for 198 gold pieces
 33095 | Orc:2    | Identified the +1 hat of Fuuthiph {rF+} (You bought it in a
                  | shop on level 2 of the Orcish Mines)
 33209 | Orc:2    | Bought a potion of flight for 39 gold pieces
 33498 | D:4      | Killed diceflayer's ghost
 33594 | D:5      | Killed MrClown's ghost
 33693 | D:6      | Killed Discosetron's ghost
 33713 | D:6      | Identified the +1 cloak of Wrong Decisions {Stlth+}
 34329 | Swamp:1  | Entered Level 1 of the Swamp
 34595 | Lair:3   | HP: 1/122 [six-headed hydra (14)]
 34596 | Lair:3   | Demolished by a six-headed hydra

Illustrated notes

Levels and vault maps discovered:
D:1:      matt_arrival_refuge, layout_basic, serial_shops, nicolae_square_shop,
          shapermc_ecumenical_altar_rom_forum
D:2:      layout_basic, serial_shops, shop
D:3:      layout_basic
D:4:      layout_basic, hellmonk_ghost_happy_afterlife, serial_shops,
          kennysheep_mini
D:5:      layout_loops_ring, mainiacjoe_overflow_tiny_flanked,
          mainiacjoe_overflow_large_starburst, serial_undead, serial_undead_f,
          serial_undead_b, serial_undead_c, serial_undead_b, serial_undead_e,
          serial_undead_f, ebering_ghost_rock_garden
D:6:      layout_rooms, nicolae_gozag_seed_capital,
          nicolae_overflow_crystal_walls, nicolae_ossuary_entry_ruins,
          biasface_ghost_orc_armoury, uniq_sigmund
D:7:      nzn_winding_woodlands_medium [nzn_winding_woodlands_5x5_perimeter,
          nzn_winding_woodlands_5x15_split_checker,
          nzn_winding_woodlands_5x5_closed_star,
          nzn_winding_woodlands_hourglass,
          nzn_winding_woodlands_center_pierced_h,
          nzn_winding_woodlands_5x5_open_star, nzn_winding_woodlands_5x5_cross,
          nzn_winding_woodlands_5x15_sidewinder,
          nzn_winding_woodlands_5x5_three], layout_basic, lemuel_tele_altar,
          minmay_temple_entry_large_hall, nicolae_stop_n_shop_1, uniq_joseph,
          uniq_maggie
D:8:      layout_basic, david_lair_shrubbed, uniq_grum
D:9:      layout_cave_pods, grunt_temple_overflow_cloverleaf,
          hangedman_abyss_or_decor_lesser_grid
D:10:     layout_basic, nrook_uturn, minmay_misc_feat_five,
          hangedman_misty_isle, uniq_psyche
D:11:     minmay_bubble_buster, layout_layer_cave,
          kennysheep_orc_monster_closet_entryway
D:12:     layout_roguey, serial_shops, shop, grunt_ministairs_13,
          nicolae_transmutations_shop, minmay_nine_imps
D:13:     layout_stronghold, kennysheep_generic_room_14
D:14:     layout_big_octagon, david_vaults_2, kennysheep_cluttered_room,
          serial_column_ruins, column_ruins_corridor_dead_end,
          column_ruins_open_tiny_water, column_ruins_columns_straight,
          st_stairs_12, uniq_nessos
Temple:   hellmonk_temple_two_chambers
Lair:1:   layout_chaotic_city, lemuel_fruit_tree, uniq_sonja
Lair:2:   layout_roguey, hellmonk_spider_entry_not_the_bees, grunt_megastairs_4,
          serial_bayou_shore_b
Lair:3:   layout_chaotic_city, palyth_hydra_swamp_entry, minivault_24,
          minmay_lair_oklob_items, nicolae_lair_lindhole
Lair:4:   cheibrodos_magma_flow, layout_cave_pods, forest_entry_grove
Lair:5:   evilmike_catoblepas_cave, layout_misc_corridors,
          minmay_slime_entry_eyes, gammafunk_ghost_wrathful_warriors,
          nicolae_volcano_entry_two_sided, kilobyte_rumbling_trees
Swamp:1:  layout_falls_marsh, evilmike_swamp_ruin_house_6,
          infiniplex_staircase_pool, uniq_mlioglotl
Orc:1:    layout_caves, uniq_erolcha, uniq_josephine
Orc:2:    st_orc_elflike, layout_caves, basic_altar, uniq_snorg, uniq_maurice

Skill      XL: |  1  2  3  4  5  6  7  8  9 10 11 12 13 14 15 |
---------------+----------------------------------------------+-----
Fighting       | 1 2 3 4 6 8 9 10 11 12 | 12.5
Earth Magic    | 3 4 5 6 7 8 9 10 | 10.1
Armour         | 1 2 3 4 6 7 8 9 |  9.5
Shields        | 1 2 3 4 5 6 7 8 9 |  9.5
Transmutations | 1 3 |  3.0
Stealth        | 2 3 |  3.0
Dodging        | 2 3 |  3.0
Conjurations   | 1 2 3 4 5 7 8 9 10 | 10.2
Spellcasting   | 3 4 6 7 8 9 |  9.9
Necromancy     | 1 6 8 9 |  9.0
Fire Magic     | 3 5 |  5.2
Ice Magic      | 2 3 |  3.0
Air Magic      | 1 3 |  3.0
Poison Magic   | 2 3 |  3.0

Action                   |  1- 3 |  4- 6 |  7- 9 | 10-12 | 13-15 || total
-------------------------+-------+-------+-------+-------+-------++-------
Melee: Dagger            |    29 |       |       |       |       ||    29
       Short sword       |       |    64 |   104 |    62 |    13 ||   243
       Spear             |       |       |       |    82 |   132 ||   214
       Rapier            |       |       |       |       |   216 ||   216
 Cast: Sandblast         |    34 |    90 |   145 |   116 |    71 ||   456
       Stone Arrow       |       |       |    47 |   274 |   208 ||   529
       Borgnjor's Vile C |       |       |       |     5 |   133 ||   138
       Passwall          |       |       |       |     4 |     1 ||     5
       Mephitic Cloud    |       |       |       |       |    12 ||    12
       Wereblood         |       |       |       |       |    10 ||    10
       Freezing Cloud    |       |       |       |       |     4 ||     4
       Iron Shot         |       |       |       |       |    18 ||    18
       Starburst         |       |       |       |       |     4 ||     4
Evoke: Wand              |       |       |     2 |    12 |     4 ||    18
       Phantom mirror    |       |       |       |       |     1 ||     1
  Use: Scroll            |       |     5 |     7 |     5 |    27 ||    44
       Potion            |       |       |       |       |     2 ||     2
 Stab: Paralysed         |     4 |    20 |    55 |    60 |   117 ||   256
       Sleeping          |       |     6 |       |     2 |     5 ||    13
       Distracted        |       |       |       |       |     2 ||     2
       Confused          |       |       |       |       |     4 ||     4
Armor: Robe              |     4 |       |       |       |       ||     4
       Leather armour    |    12 |     4 |       |       |       ||    16
       Ring mail         |       |    26 |    43 |       |       ||    69
       Steam dragon scal |       |       |    25 |    48 |   174 ||   247
Dodge: Dodged            |    38 |    48 |    66 |    87 |   280 ||   519
Block: Buckler           |     2 |    39 |   105 |   143 |   331 ||   620
       Reflection        |       |     1 |     5 |    13 |    15 ||    34
